 Dungeon Sprint DCSS version 0.25-a0-516-g7d600cd9ad (webtiles) character file.

Game seed: 18255006866372464237, levelgen mode: deterministic

19878 MordorOrchid the Nimble (level 12, -3/106 HPs)
             Began as a Minotaur Venom Mage on Feb 17, 2020.
             Was the Champion of Sif Muna.
             Incinerated by a red very ugly thing (8 damage)
             ... in the Dungeon (Sprint IX: "|||||||||||||||||||||||||||||").
             The game lasted 00:43:14 (2627 turns).

MordorOrchid the Nimble (Minotaur Venom Mage)       Turns: 2627, Time: 00:43:14

Health: -3/106     AC: 13    Str: 16    XL:     12   Next: 40%
Magic:  10/27      EV: 24    Int: 19    God:    Sif Muna [******]
Gold:   14         SH:  0    Dex: 15    Spells: 6/35 levels left

rFire    . . .     SeeInvis +   x - staff of energy
rCold    . . .     Gourm    .   (no shield)
rNeg     . . .     Faith    .   z - +5 robe of Night {Dark MR+ SInv}
rPois    .         Spirit   .   F - +2 hat {Int+3}
rElec    .         Reflect  .   u - +0 cloak
rCorr    .         Harm     .   G - +0 pair of gloves {Dex+3}
MR       +....     NoTele   +   e - +0 pair of boots
Stlth    +.........             (no amulet)
HPRegen  0.27/turn              v - +2 ring of evasion
MPRegen  0.20/turn              w - +3 ring of strength

@: liquid flames, glowing
A: retaliatory headbutt, horns 2
a: Channel Magic, Forget Spell, Divine Exegesis, Renounce Religion


You were in the Dungeon.
You worshipped Sif Muna.
Sif Muna was exalted by your worship.
You were not hungry.

You visited 1 branch You collected 1908 gold pieces.
You spent 1894 gold pieces at shops.

Inventory:

Hand Weapons
 a - the +2 scimitar of the Twenty Wonders {flame, Int+2}
   (You found it in the Dungeon)

   It has been specially enchanted to burn those struck by it, causing extra
   injury to most foes and up to half again as much damage against particularly
   susceptible opponents.
   Big, fiery blades are also staple armaments of hydra-hunters.
   It affects your intelligence (+2).
 j - a +0 shortbow
 q - a +2 halberd of flaming
 r - a +4 quarterstaff of speed
 y - a +6 rapier of venom
 D - a +3 great sword of freezing
 K - the +6 arbalest "Kenunaet" {freeze, rF+ MR+}
   (You found it in the Dungeon)

   It causes projectiles fired from it to freeze those they strike, causing
   extra injury to most foes and up to half again as much damage against
   particularly susceptible opponents.
   They can also slow down cold-blooded creatures.
   It protects you from fire.
   It affects your resistance to hostile enchantments.
Missiles
 b - 4 stones (quivered)
 h - 31 arrows
Armour
 e - a +0 pair of boots (worn)
 t - a +0 robe
 u - a +0 cloak (worn)
 z - the +5 robe of Night (worn) {Dark MR+ SInv}
   (You bought it in a shop in the Dungeon)

   It affects your resistance to hostile enchantments.
   It lets you see invisible.
   If you remove this armour, your AC will decrease by 8 (13 -> 5).
 C - a +0 pair of gloves
 E - the +5 kite shield of Instinct {MR+ Str+4 Int-5}
   (You bought it in a shop in the Dungeon)

   It affects your strength (+4).
   It affects your intelligence (-5).
   It affects your resistance to hostile enchantments.
 F - a +2 hat of intelligence (worn)
 G - a +0 pair of gloves of dexterity (worn)
 L - the cursed +0 leather armour "Caisyem" {rElec rC+++ Str-2 Int+4}
   (You found it in the Dungeon)

   It affects your strength (-2).
   It affects your intelligence (+4).
   It renders you almost immune to cold.
   It insulates you from electricity.
   If you switch to wearing this armour, your AC will decrease by 4 (13 -> 9).
   It has a curse placed upon it.
Magical Staves
 p - an uncursed staff of power
 x - an uncursed staff of energy (weapon)
Jewellery
 s - an uncursed ring of protection from magic
 v - a +2 ring of evasion (left hand)
 w - a +3 ring of strength (right hand)
 H - an uncursed ring of protection from fire
 I - an uncursed ring of protection from magic
 J - an uncursed ring of protection from cold
Wands
 o - a wand of iceblast (4)
Scrolls
 i - 4 scrolls of blinking
 m - 4 scrolls of remove curse
 n - 2 scrolls of amnesia
 A - 2 scrolls of fear
 B - 2 scrolls of fog
Potions
 d - 5 potions of curing
 f - a potion of agility
 g - 4 potions of magic
 k - 2 potions of brilliance
 l - 10 potions of heal wounds
 M - a potion of haste
 N - a potion of might
Comestibles
 c - 12 rations


   Skills:
 * Level 9.9 Fighting
 - Level 2.1(7.0) Short Blades
 * Level 11.3(11.4) Long Blades
 * Level 5.1 Armour
 * Level 13.9 Dodging
 - Level 3.2 Stealth
 - Level 12.0 Spellcasting
 - Level 8.0 Conjurations
 - Level 2.1 Summonings
 - Level 2.0 Translocations
 - Level 4.5 Transmutations
 - Level 5.0 Fire Magic
 - Level 8.0 Air Magic
 - Level 6.0 Poison Magic
 - Level 6.0 Invocations
 - Level 7.0 Evocations


You had 6 spell levels left.
You knew the following spells:

 Your Spells              Type           Power        Failure   Level  Hunger
a - Sting                 Tmut/Pois      ####         1%          1    None
b - Olgreb's Toxic Radia  Pois           ####....     4%          4    None
c - Conjure Flame         Conj/Fire      #####...     1%          3    None
d - Ignite Poison         Fire/Tmut/Pois ####....     2%          3    None
e - Sticky Flame          Conj/Fire      #####...     4%          4    None
f - Lightning Bolt        Conj/Air       #####.....   6%          5    None
g - Mephitic Cloud        Conj/Pois/Air  #####...     1%          3    None
p - Poisonous Vapours     Pois/Air       #####.       1%          2    None
s - Call Imp              Summ           ###.....     3%          2    None
x - Blink                 Tloc           N/A          4%          2    None

Your spell library contained the following spells:

 Spells                   Type           Power        Failure   Level  Hunger
 Beastly Appendage        Tmut           ####..       1%          1    None
 Magic Dart               Conj           ####         1%          1    None
 Corpse Rot               Necr/Air       N/A          1%          2    None
 Searing Ray              Conj           #####.       1%          2    None
 Sticks to Snakes         Tmut           ####....     1%          2    None
 Static Discharge         Conj/Air       #####...     1%          3    None
 Passwall                 Tmut/Erth      ###.....     3%          2    None
 Dazzling Flash           Conj/Hex       ####..       3%          3    None
 Inner Flame              Hex/Fire       ###.....     6%          3    None
 Gell's Gravitas          Tloc           ###.......   8%          3    None
 Recall                   Summ/Tloc      N/A          8%          3    None
 Iskenderun's Mystic Bla  Conj/Tloc      ####....     8%          4    None
 Slow                     Hex            ##......     9%          2    None
 Sublimation of Blood     Necr           ##........   9%          2    None
 Summon Guardian Golem    Hex/Summ       ###.....     12%         3    None
 Fulminant Prism          Conj/Hex       ####......   12%         4    None
 Hailstorm                Conj/Ice       ####....     12%         4    None
 Fireball                 Conj/Fire      #####.....   12%         5    None
 Irradiate                Conj/Tmut      #####.....   13%         5    None
 Confusing Touch          Hex            ##......     19%         3    None
 Spectral Weapon          Hex/Chrm       ##......     19%         3    None
 Blade Hands              Tmut           ####......   26%         5    None
 Conjure Ball Lightning   Conj/Air       #####.....   34%         6    None
 Summon Ice Beast         Ice/Summ       ###.....     36%         4    None
 Dispel Undead            Necr           ##......     52%         4    None
 Starburst                Conj/Fire      #####.....   54%         6    None
 Eringya's Noxious Bog    Tmut/Pois      ####......   71%         6    None
 Freezing Cloud           Conj/Ice/Air   ####......   71%         6    None
 Agony                    Necr           ##......     86%         5    None
 Excruciating Wounds      Chrm/Necr      ##........   86%         5    None
 Metabolic Englaciation   Hex/Ice        ##........   86%         5    None
 Iron Shot                Conj/Erth      ####......   87%         6    None
 Statue Form              Tmut/Erth      ###......    98%         6    None
 Dragon Form              Tmut           ####......   100%        7    None
 Malign Gateway           Summ/Tloc      ###.......   100%        7    None
 Spellforged Servitor     Conj/Summ      ####......   100%        7    None
 Chain Lightning          Conj/Air       #####.....   100%        8    None
 Discord                  Hex            ##........   100%        8    None
 Ignition                 Fire           ####......   100%        8    None


Dungeon Overview and Level Annotations

Branches:
Dungeon (1/1)

Altars:
Cheibriados
Dithmenos
Elyvilon
Fedhas
Gozag
Hepliaklqana
Kikubaaqudgha
Makhleb
Nemelex Xobeh
Okawaru
Qazlal
Ru
Sif Muna
Trog
Uskayaw
Vehumet
Wu Jian
Xom
Yredelemnul
Zin
The Shining One
Beogh
Jiyva
Lugonu

Shops:
D !([[


Innate Abilities, Weirdness & Mutations

You reflexively headbutt those who attack you in melee.
You have a pair of horns on your head.


Message History

The red very ugly thing stings you but does no damage.
The fire dragon breathes flames at you. The blast of flame misses you.
The blast of flame hits the red very ugly thing!
The red very ugly thing resists.
Casting: Mephitic Cloud (safe; 1% risk of failure)
Confirm with . or Enter, or press ? or * to list all spells.
You blink.
The red very ugly thing stings you!
You are covered in liquid flames.
You are covered in liquid flames!
Casting: Blink (safe; 4% risk of failure)
Confirm with . or Enter, or press ? or * to list all spells.
A beastly little devil appears in a puff of flame.
You are covered in liquid flames!
* * * LOW HITPOINT WARNING * * *
The red very ugly thing stings you!!
* * * LOW HITPOINT WARNING * * *
You swap places.
You are covered in liquid flames!
You die...

▓▓▓▓▓▓▓▓▓▓▓▓▓▓▓▓▓▓▓▓▓▓▓▓▓▓▓▓▓
DF.))†((D§u5@..[[[[.[[[.)))))
▓▓▓▓▓▓▓▓▓▓▓▓▓▓▓▓▓▓▓▓▓▓▓▓▓▓▓▓▓▓▓▓▓
.................................
▓▓▓▓▓▓▓▓▓▓▓▓▓▓▓▓▓▓▓▓▓▓▓▓▓▓▓▓▓▓▓▓▓
∩.∩.∩.....)))).).)).)))))......))
▓▓▓▓▓▓▓▓▓▓▓▓▓▓▓▓▓▓▓▓▓▓▓▓▓▓▓▓▓▓▓▓▓
.................................
▓▓▓▓▓▓▓▓▓▓▓▓▓▓▓▓▓▓▓▓▓▓▓▓▓▓▓▓▓▓▓▓▓
).÷......'÷†.....÷.'.).....÷.'...


You could see a red very ugly thing, a fire dragon and a friendly crimson imp.

Vanquished Creatures
  A stone giant (D)
  Josephine (D)
  An ettin (D)
  4 ogre magi (D)
  2 rakshasas (D)
  2 hydras (D)
  6 two-headed ogres (D)
  2 orc knights (D)
  A manticore (D)
  3 spiny frogs (D)
  3 komodo dragons (D)
  A jumping spider (shapeshifter) (D)
  A blink frog (D)
  2 tyrant leeches (D)
  A hippogriff (D)
  A yak (D)
  2 hungry ghosts (D)
  3 wraiths (D)
  3 vampire mosquitoes (D)
  A soldier ant (D)
  4 water moccasins (D)
  An acid dragon (D)
  A porcupine (D)
  11 orc warriors (D)
  2 ice beasts (D)
  7 ogres (D)
  A centaur (D)
  5 crocodiles (D)
  3 bullfrogs (D)
  A crimson imp (D)
  A howler monkey (D)
  4 orc priests (D)
  3 orc wizards (D)
  2 worker ants (D)
  A gnoll (D)
  An adder skeleton (D)
  A worm (D)
  7 orcs (D)
  A goblin (D)
  2 hobgoblins (D)
  2 kobolds (D)
  A bat simulacrum (D)
103 creatures vanquished.

Notes
Turn   | Place    | Note
-------+----------+-------------------------------------------
     0 | D        | MordorOrchid the Minotaur Venom Mage began the quest for
                  | the Orb.
     0 | D        | Reached XP level 1. HP: 14/14 MP: 1/1
    21 | D        | Reached skill level 1 in Fighting
   275 | D        | Noticed a worker ant
   275 | D        | Noticed a centaur
   275 | D        | Noticed an ogre
   295 | D        | Killed an ogre
   295 | D        | Reached skill level 3 in Dodging
   295 | D        | Reached XP level 2. HP: 25/25 MP: 1/6
   295 | D        | Reached XP level 3. HP: 30/30 MP: 1/7
   295 | D        | Reached XP level 4. HP: 37/37 MP: 1/9
   300 | D        | Reached skill level 4 in Dodging
   310 | D        | Killed a centaur
   310 | D        | Reached skill level 5 in Dodging
   310 | D        | Reached skill level 5 in Spellcasting
   310 | D        | Reached XP level 5. HP: 25/42 MP: 1/11
   338 | D        | Found a roughly hewn altar of Beogh.
   338 | D        | Found a snail-covered altar of Cheibriados.
   338 | D        | Found a shadowy altar of Dithmenos.
   338 | D        | Found a white marble altar of Elyvilon.
   338 | D        | Found a blossoming altar of Fedhas.
   338 | D        | Found an opulent altar of Gozag.
   339 | D        | Found a hazy altar of Hepliaklqana.
   340 | D        | Found a viscous altar of Jiyva.
   341 | D        | Found an ancient bone altar of Kikubaaqudgha.
   342 | D        | Found a corrupted altar of Lugonu.
   343 | D        | Found a burning altar of Makhleb.
   344 | D        | Found a sparkling altar of Nemelex Xobeh.
   345 | D        | Found an iron altar of Okawaru.
   346 | D        | Found a stormy altar of Qazlal.
   347 | D        | Found a sacrificial altar of Ru.
   348 | D        | Found a shimmering blue altar of Sif Muna.
   349 | D        | Found a bloodstained altar of Trog.
   350 | D        | Found a hide-covered altar of Uskayaw.
   351 | D        | Found a radiant altar of Vehumet.
   352 | D        | Found an ornate altar of the Wu Jian Council.
   353 | D        | Found a shimmering altar of Xom.
   354 | D        | Found a basalt altar of Yredelemnul.
   355 | D        | Found a glowing silver altar of Zin.
   356 | D        | Became a worshipper of Sif Muna the Loreminder
   357 | D        | Found a glowing golden altar of the Shining One.
   375 | D        | Got the +2 scimitar of the Twenty Wonders {flame, Int+2}
   396 | D        | Learned a level 3 spell: Mephitic Cloud
   400 | D        | Learned a level 3 spell: Ignite Poison
   403 | D        | Learned a level 2 spell: Poisonous Vapours
   408 | D        | Learned a level 4 spell: Olgreb's Toxic Radiance
   429 | D        | Noticed a water moccasin
   429 | D        | Noticed an ice beast
   429 | D        | Noticed an ice beast
   429 | D        | Noticed a hippogriff
   429 | D        | Noticed an ogre
   433 | D        | Killed an ogre
   433 | D        | Reached skill level 6 in Dodging
   433 | D        | Reached skill level 1 in Conjurations
   433 | D        | Reached skill level 1 in Fire Magic
   433 | D        | Reached skill level 1 in Air Magic
   433 | D        | Reached skill level 1 in Evocations
   433 | D        | Reached XP level 6. HP: 50/50 MP: 13/13
   442 | D        | Killed a hippogriff
   442 | D        | Reached skill level 5 in Poison Magic
   451 | D        | Reached * piety under Sif Muna
   459 | D        | Killed an ice beast
   459 | D        | Reached XP level 7. HP: 31/56 MP: 3/14
   464 | D        | HP: 2/56 [ice beast (14)]
   477 | D        | Reached ** piety under Sif Muna
   477 | D        | Reached skill level 5 in Evocations
   676 | D        | Noticed a vampire mosquito
   692 | D        | Reached skill level 1 in Long Blades
   692 | D        | Reached skill level 1 in Invocations
   703 | D        | Killed a vampire mosquito
   703 | D        | Reached *** piety under Sif Muna
   703 | D        | Reached XP level 8. HP: 38/63 MP: 10/15
   861 | D        | Noticed a komodo dragon
   861 | D        | Noticed a komodo dragon
   863 | D        | Reached skill level 7 in Dodging
   865 | D        | Reached **** piety under Sif Muna
   865 | D        | Killed a komodo dragon
   865 | D        | Noticed a spiny frog
   867 | D        | Reached skill level 5 in Fighting
   867 | D        | Reached skill level 8 in Dodging
   897 | D        | Killed a komodo dragon
   897 | D        | Reached skill level 5 in Long Blades
   901 | D        | Reached XP level 9. HP: 13/75 MP: 9/17
   906 | D        | Killed a spiny frog
   906 | D        | Reached ***** piety under Sif Muna
   906 | D        | Received a gift from Sif Muna
   906 | D        | Reached skill level 9 in Dodging
   930 | D        | Learned a level 2 spell: Blink
   933 | D        | Learned a level 2 spell: Call Imp
  1142 | D        | Noticed a four-headed hydra
  1142 | D        | Noticed a komodo dragon
  1142 | D        | Noticed a spiny frog
  1142 | D        | Noticed a five-headed hydra
  1150 | D        | Killed a five-headed hydra
  1150 | D        | Reached skill level 1 in Summonings
  1150 | D        | Reached skill level 1 in Translocations
  1150 | D        | Reached skill level 5 in Invocations
  1157 | D        | Killed a spiny frog
  1352 | D        | Killed a komodo dragon
  1352 | D        | Reached skill level 10 in Dodging
  1374 | D        | Learned a level 3 spell: Conjure Flame
  1379 | D        | Reached XP level 10. HP: 86/86 MP: 14/21
  1458 | D        | Killed a three-headed hydra
  1458 | D        | Identified Sif Muna's Volume of Malediction (Sif Muna
                  | gifted it to you in the Dungeon)
  1458 | D        | Received a gift from Sif Muna
  1511 | D        | Noticed a spiny frog
  1526 | D        | Killed a spiny frog
  1545 | D        | Reached skill level 10 in Spellcasting
  1711 | D        | Identified Lehudib's Grimoire of Combat Magic (Sif Muna
                  | gifted it to you in the Dungeon)
  1711 | D        | Received a gift from Sif Muna
  1713 | D        | Reached ****** piety under Sif Muna
  1722 | D        | Noticed an orc knight
  1722 | D        | Identified Sif Muna's Tome of Supportive Battle Magic (Sif
                  | Muna gifted it to you in the Dungeon)
  1722 | D        | Received a gift from Sif Muna
  1735 | D        | Killed an orc knight
  1735 | D        | Reached skill level 11 in Dodging
  1795 | D        | Learned a level 5 spell: Lightning Bolt
  1797 | D        | Noticed an orc knight
  1800 | D        | Identified Sif Muna's Disquisition on Transformation and
                  | Clay (Sif Muna gifted it to you in the Dungeon)
  1800 | D        | Received a gift from Sif Muna
  1804 | D        | Killed an orc knight
  1804 | D        | Reached skill level 5 in Conjurations
  1819 | D        | Reached XP level 11. HP: 87/94 MP: 5/24
  1822 | D        | Reached skill level 12 in Dodging
  1873 | D        | Learned a level 4 spell: Sticky Flame
  1878 | D        | Found Erghovefol's Armour Boutique.
  1878 | D        | Noticed a two-headed ogre
  1878 | D        | Noticed an ogre mage
  1890 | D        | Killed an ogre mage
  1894 | D        | Identified Sif Muna's Reference Book on Enchanting
                  | Transmigration (Sif Muna gifted it to you in the Dungeon)
  1894 | D        | Received a gift from Sif Muna
  1894 | D        | Reached skill level 5 in Air Magic
  1898 | D        | Killed a two-headed ogre
  1900 | D        | Noticed a two-headed ogre
  1902 | D        | Killed an ogre mage
  1903 | D        | Noticed a two-headed ogre
  1911 | D        | Killed a two-headed ogre
  1927 | D        | Killed a two-headed ogre
  1943 | D        | Identified Agguivil's Disquisition on Warped Confrontation
                  | (Sif Muna gifted it to you in the Dungeon)
  1943 | D        | Received a gift from Sif Muna
  1974 | D        | Found Ucexad's Antique Armour Shop.
  1978 | D        | Found Xuruhoby's Antique Weapon Boutique.
  1982 | D        | Found Weddo's Distillery.
  1985 | D        | Noticed a two-headed ogre
  1991 | D        | Killed a two-headed ogre
  1992 | D        | Noticed an ogre mage
  1994 | D        | Noticed a two-headed ogre
  1998 | D        | Noticed a two-headed ogre
  2003 | D        | Killed an ogre mage
  2009 | D        | Killed a two-headed ogre
  2009 | D        | Reached skill level 13 in Dodging
  2009 | D        | Reached skill level 5 in Fire Magic
  2009 | D        | Killed a two-headed ogre
  2047 | D        | Bought a potion of heal wounds for 70 gold pieces
  2047 | D        | Bought a potion of heal wounds for 70 gold pieces
  2047 | D        | Bought a potion of heal wounds for 70 gold pieces
  2047 | D        | Bought a potion of brilliance for 56 gold pieces
  2051 | D        | Bought a brightly glowing kite shield for 256 gold pieces
  2053 | D        | Bought a +2 hat of intelligence for 273 gold pieces
  2053 | D        | Bought a +0 pair of gloves of dexterity for 149 gold pieces
  2070 | D        | Identified the +5 kite shield of Instinct {MR+ Str+4 Int-5}
                  | (You bought it in a shop in the Dungeon)
  2081 | D        | Bought the +5 robe of Night {Dark MR+ SInv} for 780 gold
                  | pieces
  2081 | D        | Found the +5 robe of Night {Dark MR+ SInv}
  2095 | D        | Bought a transparent hand crossbow for 170 gold pieces
  2095 | D        | Identified the +1 hand crossbow "Detsolas" {penet, Fragile
                  | Int+3 Dex+4} (You bought it in a shop in the Dungeon)
  2291 | D        | Reached skill level 10 in Long Blades
  2316 | D        | Noticed Josephine
  2324 | D        | Killed Josephine
  2324 | D        | Received a gift from Sif Muna
  2430 | D        | Got the +6 arbalest "Kenunaet" {freeze, rF+ MR+}
  2442 | D        | Got the cursed +0 leather armour "Caisyem" {rElec rC+++
                  | Str-2 Int+4}
  2466 | D        | Noticed an ogre mage
  2472 | D        | Killed an ogre mage
  2472 | D        | Reached skill level 1 in Armour
  2472 | D        | Reached XP level 12. HP: 103/103 MP: 19/26
  2500 | D        | Noticed an ettin
  2504 | D        | Killed an ettin
  2504 | D        | Identified Setiapt's Handbook of Flamy Attacks (Sif Muna
                  | gifted it to you in the Dungeon)
  2504 | D        | Received a gift from Sif Muna
  2507 | D        | Noticed a stone giant
  2521 | D        | Killed a stone giant
  2522 | D        | Noticed a rakshasa
  2537 | D        | Killed a rakshasa
  2539 | D        | Noticed a rakshasa
  2575 | D        | Killed a rakshasa
  2575 | D        | Reached skill level 5 in Armour
  2606 | D        | Noticed a red very ugly thing
  2620 | D        | Noticed a fire dragon
  2626 | D        | HP: 5/106 [red very ugly thing (25)]
  2627 | D        | Incinerated by a red very ugly thing

Levels and vault maps discovered:
D:        linesprint [early_d, line_temple, items_1, d_10, items_2, lair_1,
          lair_end, items_3, orc_1, orc_end, items_4, d_15, swamp_1, shoals_1,
          snake_1, spider_1, d_20, vaults_1, items_5, swamp_end, shoals_end,
          snake_end, spider_end, vaults_end, d_27, items_6, zot_1, zot_end,
          crypt_end, forest_end, elf_end, slime_end, tomb_end, abyss_end,
          pan_hell_end]

Skill      XL: |  1  2  3  4  5  6  7  8  9 10 11 12 |
---------------+-------------------------------------+-----
Fighting       | 2 3 5 7 8 9 |  9.9
Spellcasting   | 4 5 6 8 10 11 12 | 12.0
Dodging        | 3 5 6 8 10 11 13 | 13.9
Transmutations | 2 3 4 |  4.5
Poison Magic   | 4 5 6 |  6.0
Conjurations   | 1 3 4 5 7 8 |  8.0
Fire Magic     | 1 3 5 |  5.0
Air Magic      | 1 2 3 4 7 8 |  8.0
Evocations     | 1 3 5 6 7 |  7.0
Short Blades   | 2 |  2.1
Long Blades    | 2 5 7 9 10 11 | 11.3
Invocations    | 1 4 5 6 |  6.0
Summonings     | 2 |  2.1
Translocations | 2 |  2.0
Stealth        | 3 |  3.2
Armour         | 1 5 |  5.1

Action                   |  1- 3 |  4- 6 |  7- 9 | 10-12 || total
-------------------------+-------+-------+-------+-------++-------
Melee: Unarmed           |    18 |       |       |       ||    18
       Headbutt          |     4 |     3 |     1 |     8 ||    16
       Whip              |     2 |    10 |       |       ||    12
       Rapier            |       |    17 |    34 |    17 ||    68
       Scimitar          |       |       |     3 |    19 ||    22
Throw: Stone             |     2 |       |       |       ||     2
 Cast: Sting             |     4 |     2 |     3 |    15 ||    24
       Mephitic Cloud    |       |     2 |    11 |    40 ||    53
       Ignite Poison     |       |       |     8 |    42 ||    50
       Poisonous Vapours |       |       |     7 |    26 ||    33
       Olgreb's Toxic Ra |       |       |     1 |    14 ||    15
       Blink             |       |       |     4 |     4 ||     8
       Conjure Flame     |       |       |     1 |     1 ||     2
       Call Imp          |       |       |       |    10 ||    10
       Lightning Bolt    |       |       |       |     6 ||     6
Invok: Channel Magic     |       |       |     2 |     9 ||    11
Evoke: Staff of energy   |       |       |    13 |    44 ||    57
       Wand              |       |       |     3 |     3 ||     6
  Use: Potion            |     2 |     2 |     2 |     1 ||     7
       Scroll            |       |       |     4 |     1 ||     5
 Stab: Sleeping          |       |     1 |       |       ||     1
       Invisible         |       |     1 |     1 |       ||     2
       Confused          |       |       |       |     2 ||     2
  Eat: Chunk             |       |       |     4 |     8 ||    12
       Ration            |       |       |       |     1 ||     1
Armor: Robe              |     1 |     1 |     8 |     2 ||    12
Dodge: Dodged            |    15 |    35 |    52 |    32 ||   134
       Rpst.: Scimitar   |       |       |     1 |     3 ||     4

Table legend:
 A = Non-vault XP
 B = Vault XP
 C = Vault XP percentage of total XP
 D = Non-vault monster count
 E = Vault monster count
 F = Vault count percentage of total count
                 A         B        C        D         E       F
            +---------+---------+-------+---------+---------+-------
      Total |       0 |   28398 | 100.0 |       0 |     103 | 100.0
            +---------+---------+-------+---------+---------+-------
          D |       0 |   28398 | 100.0 |       0 |     103 | 100.0
            +---------+---------+-------+---------+---------+-------
